 Dungeon Crawl Stone Soup version 0.21-a0-434-g806c6c2 (webtiles) character file.

576 torrenera the Cudgeler (level 7, -1/56 HPs)
             Began as a Formicid Fighter on Nov 8, 2017.
             Was an Initiate of Makhleb.
             Slain by HAL9000's ghost (5 damage)
             ... on level 5 of the Dungeon.
             The game lasted 00:07:16 (5443 turns).

torrenera the Cudgeler (Formicid Fighter)           Turns: 5443, Time: 00:07:17

Health: -1/56      AC: 11    Str: 22    XL:     7   Next: 62%
Magic:  7/7        EV:  4    Int:  8    God:    Makhleb [......]
Gold:   149        SH:  9    Dex: 10    Spells: 6/6 levels left

rFire    . . .     SeeInvis +   a - +0 flail
rCold    . . .     Gourm    .   c - +0 shield
rNeg     . . .     Faith    .   B - +0 plate armour
rPois    .         Spirit   .   (helmet unavailable)
rElec    .         Reflect  .   (no cloak)
rCorr    .         Harm     .   (no gloves)
MR       .....                  (no boots)
Stlth    ..........             (no amulet)
HPRegen  0.18/turn              (no ring)
MPRegen  0.10/turn              (no ring)

@: no status effects
A: permanent stasis, dig shafts and tunnels, four strong arms, antennae 3
a: Dig, Shaft Self, Renounce Religion


You were on level 5 of the Dungeon.
You worshipped Makhleb.
Makhleb was noncommittal.
You were very hungry.

You visited 1 branch of the dungeon, and saw 5 of its levels.

You collected 149 gold pieces.

Inventory:

Hand Weapons
 a - a +0 flail (weapon)
 i - a +0 hunting sling
 D - a +2 whip of venom
Missiles
 d - 29 poisoned needles
 k - 154 stones (quivered)
 s - 2 tomahawks
 x - 40 sling bullets
Armour
 c - a +0 shield (worn)
 B - a +0 plate armour (worn)
Jewellery
 u - an uncursed amulet of harm {unknown}
Wands
 y - a wand of digging (16/24)
Scrolls
 b - a scroll of recharging {unknown}
 e - 4 scrolls of teleportation {unknown}
 g - a scroll of amnesia {unknown}
 h - 4 scrolls of remove curse {unknown}
 j - 2 scrolls of random uselessness {unknown}
 m - a scroll of blinking {unknown}
 q - a scroll of enchant armour {unknown}
 r - 3 scrolls of identify {unknown}
 t - a scroll of fear {unknown}
 A - a scroll of enchant weapon {unknown}
 C - a scroll of fog {unknown}
Potions
 l - a potion of cancellation {unknown}
 n - a potion of agility {unknown}
 p - a potion of lignification {unknown}
 z - a potion of brilliance {unknown}
 E - a potion of haste {unknown}
Comestibles
 f - 5 bread rations
 o - 3 royal jellies
 v - a meat ration
 w - 4 fruits


   Skills:
 + Level 5.4 Fighting
 + Level 6.8 Maces & Flails
 - Level 3.2 Armour
 - Level 3.6 Shields


You had 6 spell levels left.
You didn't know any spells.

Dungeon Overview and Level Annotations

Branches:
Dungeon (5/15)
 Temple: D:4-7

Altars:
Cheibriados
Dithmenos
Makhleb
Trog
Vehumet

Shops:
D:4 :

Annotations:
D:5 HAL9000's ghost, novice TrHu


Innate Abilities, Weirdness & Mutations

You cannot be hasted, slowed, berserked, paralysed or teleported.
You can dig through walls and to a lower floor.
Your four strong arms can wield two-handed weapons with a shield.
You have a pair of large antennae on your head. (SInv)


Message History

HAL9000's ghost is moderately damaged.
You block HAL9000's ghost's attack.
You barely miss HAL9000's ghost.
HAL9000's ghost is moderately damaged.
HAL9000's ghost hits you!
You closely miss HAL9000's ghost.
HAL9000's ghost is lightly damaged.
HAL9000's ghost hits you. You block HAL9000's ghost's attack.
You closely miss HAL9000's ghost.
HAL9000's ghost is lightly damaged.
You block HAL9000's ghost's attack.
You barely miss HAL9000's ghost.
HAL9000's ghost is lightly damaged.
HAL9000's ghost hits you!!
You closely miss HAL9000's ghost.
HAL9000's ghost is lightly damaged.
HAL9000's ghost hits you!
* * * LOW HITPOINT WARNING * * *
HAL9000's ghost hits you.
You die...

# # .# .. # .#
... .##. #.#..>.
..... .<.....
......####.......
.......@W.#
......####.#
.(... #.# .### .#
#


You could see HAL9000's ghost.

Vanquished Creatures
  An ogre (D:4)
  A phantom (D:3)
  A howler monkey (D:4)
  A bullfrog skeleton (D:4)
  2 orc priests (D:4)
  A hound (D:4)
  An iguana (D:5)
  3 worker ants (D:4)
  4 adders
  An ooze (D:4)
  3 worms
  5 dart slugs
  2 leopard geckos (D:1)
  10 orcs
  2 ball pythons
  2 giant cockroaches
  5 goblins
  9 hobgoblins
  6 jackals
  5 kobolds
  4 bats
  5 frilled lizards
  2 jackal skeletons
  13 rats
89 creatures vanquished.

Notes
Turn   | Place    | Note
-------+----------+-------------------------------------------
     0 | D:1      | torrenera the Formicid Fighter began the quest for the Orb.
     0 | D:1      | Reached XP level 1. HP: 18/18 MP: 1/1
    87 | D:1      | Reached XP level 2. HP: 22/25 MP: 2/2
   334 | D:1      | Reached XP level 3. HP: 3/30 MP: 3/3
  1014 | D:2      | Found a radiant altar of Vehumet.
  1043 | D:2      | Found a snail-covered altar of Cheibriados.
  1142 | D:2      | Reached skill level 3 in Maces & Flails
  1227 | D:2      | Reached XP level 4. HP: 33/38 MP: 4/4
  2196 | D:2      | Found a bloodstained altar of Trog.
  2668 | D:3      | Reached XP level 5. HP: 42/43 MP: 5/5
  3122 | D:3      | Reached skill level 4 in Maces & Flails
  3755 | D:4      | Reached XP level 6. HP: 35/49 MP: 6/6
  3992 | D:4      | Reached skill level 5 in Maces & Flails
  3996 | D:4      | Found Geubomour's Book Boutique.
  4000 | D:4      | Noticed an ogre
  4007 | D:4      | Killed an ogre
  4033 | D:4      | Noticed a phantom
  4054 | D:4      | Reached skill level 5 in Fighting
  4054 | D:4      | Reached XP level 7. HP: 31/56 MP: 7/7
  4072 | D:4      | Reached skill level 6 in Maces & Flails
  4626 | D:4      | Found a burning altar of Makhleb.
  4988 | D:4      | Became a worshipper of Makhleb the Destroyer
  5156 | D:4      | Found a shadowy altar of Dithmenos.
  5275 | D:5      | Entered Level 5 of the Dungeon
  5285 | D:5      | Noticed HAL9000's ghost (novice TrHu)
  5443 | D:5      | Slain by HAL9000's ghost

Vault maps used:
D:1:      lemuel_arrival_rhombus, minmay_hexomino_p4
D:2:      lightli_temple_of_fire, lemuel_doored_altar, first_bread,
          cheibriados_altar_1
D:4:      bloody_makhleb, grunt_dithmenos_smoke_and_mirrors,
          kennysheep_small_square
D:5:      overflow_temple_1_default, led_sif_book, minmay_temple_entry_grid,
          gup_sewer_entry_glass

Skill      XL: |  1  2  3  4  5  6  7 |
---------------+----------------------+-----
Fighting       | 4 5 |  5.4
Maces & Flails | 3 4 5 6 |  6.8
Armour         | |  3.2
Shields        | |  3.6

Action                   |  1- 3 |  4- 6 |  7- 9 || total
-------------------------+-------+-------+-------++-------
Melee: Flail             |   100 |   218 |    99 ||   417
 Abil: Dig               |       |       |     1 ||     1
  Use: Potion            |     1 |       |       ||     1
  Eat: Chunk             |     1 |     9 |     4 ||    14
Armor: Scale mail        |    44 |    51 |       ||    95
       Plate armour      |       |    67 |    42 ||   109
Dodge: Dodged            |    32 |    36 |    10 ||    78
Block: Shield            |    65 |   137 |    36 ||   238

Table legend:
 A = Spawn XP
 B = Non-spawn XP
 C = Spawn XP percentage of total XP
 D = Spawn monster count
 E = Non-spawn monster count
 F = Spawn count percentage of total count
 G = Total turns spent on level
                    A         B        C        D         E        F      G
               +---------+---------+-------+---------+---------+-------+---------
         Total |       0 |     823 |   0.0 |       0 |      89 |   0.0 |  5443
               +---------+---------+-------+---------+---------+-------+---------
           D:1 |       0 |      52 |   0.0 |       0 |      27 |   0.0 |  1005
           D:2 |       0 |      68 |   0.0 |       0 |      24 |   0.0 |  1556
           D:3 |       0 |     158 |   0.0 |       0 |      12 |   0.0 |  1283
           D:4 |       0 |     508 |   0.0 |       0 |      25 |   0.0 |  1576
           D:5 |       0 |      37 |   0.0 |       0 |       1 |   0.0 |    23
               +---------+---------+-------+---------+---------+-------+---------
